 Dungeon Crawl Stone Soup version 0.30-a0-1082-g70414cbcbb (webtiles) character file.

Game seed: 16827052178390774127

25 freelancePsychic the Firebug (level 2, 21/21 HPs)
             Began as a Demonspawn Fire Elementalist on Apr 15, 2023.
             Was a Follower of Wu Jian.
             Quit the game on level 1 of the Dungeon.
             The game lasted 00:01:35 (542 turns).

freelancePsychic the Firebug (DsFE)                  Turns: 542, Time: 00:01:35

Health: 21/21      AC:  4    Str:  8    XL:     2   Next: 82%
Magic:  5/5        EV: 12    Int: 16    God:    Wu Jian [*.....]
Gold:   15         SH:  0    Dex: 13    Spells: 5/6 levels left

rFire   . . .      SeeInvis .    c - +3 spear
rCold   . . .      Faith    .    (no shield)
rNeg    . . .      Spirit   .    a - +0 robe
rPois   .          Reflect  .    (no helmet)
rElec   .          Rampage  .    (no cloak)
rCorr   .                        (no gloves)
Will    .....                    (no boots)
Stlth   ++                       (no amulet)
HPRegen 0.23/turn                (no ring)
MPRegen 0.09/turn                (no ring)

@: no status effects
A: icy blue scales 1
a: Renounce Religion


You were on level 1 of the Dungeon.
You worshipped Wu Jian.
Wu Jian was aware of your devotion.
You visited 1 branch of the dungeon, and saw 1 of its levels.

You collected 15 gold pieces.

Inventory:

Hand Weapons
 c - a +3 spear (weapon)
Armour
 a - a +0 robe (worn)
Scrolls
 e - a scroll of teleportation {unknown}
 f - a scroll of summoning {unknown}
 g - a scroll of fog {unknown}
 h - a scroll of vulnerability {unknown}
Potions
 b - a potion of flight {unknown}
 d - a potion of cancellation {unknown}


   Skills:
 + Level 1.0 Fighting
 - Level 1.7 Dodging
 - Level 1.7 Stealth
 + Level 2.5 Spellcasting
 - Level 1.0 Conjurations
 + Level 3.1 Fire Magic


You had 5 spell levels left.
You knew the following spells:

 Your Spells              Type           Power      Damage    Failure   Level
a - Foxfire               Conj/Fire      32%        2x1d5     9%          1

Your spell library contained the following spells:

 Spells                   Type           Power      Damage    Failure   Level
 Scorch                   Fire           24%        2d6       9%          2
 Inner Flame              Hex/Fire       7%         N/A       30%         3
 Volatile Blastmotes      Fire/Tloc      14%        2d11      30%         3
 Flame Wave               Conj/Fire      8%         2d5       63%         4


Dungeon Overview and Level Annotations

Branches:
Dungeon (1/15)

Altars:
Wu Jian


Innate Abilities, Weirdness & Mutations

You are partially covered in icy blue scales. (AC +2)


Message History

No target in view!
No target in view!
h - a scroll labelled POSCHUC CEMOYNE
Found 5 stones.
There is a faded altar of an unknown god here.
This altar belongs to (a) Ashenzari, (b) Wu Jian or (c) Cheibriados, but you can't tell which.
Press the corresponding letter to learn more about a god, or press enter to convert or escape to cancel.
Okay, then.
Unknown command.
Press < or > to pray at altars.
Unknown command.
Press < or > to pray at altars.
Unknown command.
Press < or > to pray at altars.
A frilled lizard comes into view.
A frilled lizard is nearby!
You miss the frilled lizard.
The frilled lizard completely misses you.
You puncture the frilled lizard!
You kill the frilled lizard!
No target in view!
No target in view!
No target in view!
No target in view!
No target in view!
No target in view!
Found a quarterstaff.
Search for what [? for help]? fad
There is a faded altar of an unknown god here.
This altar belongs to (a) Ashenzari, (b) Wu Jian or (c) Cheibriados, but you can't tell which.
Press the corresponding letter to learn more about a god, or press enter to convert or escape to cancel.
Wu Jian accepts your prayer! The Council welcomes you!
You can now perform damaging attacks by moving towards foes.
You can now lightly attack monsters by moving around them.
You see here a +0 quarterstaff.
You open the door.
A bat comes into view.
There is an open door here.
A bat is nearby!
A bat is nearby!
Are you sure you want to abandon this character and quit the game? (Confirm with "yes".)

#.......#...P## #.# #..#
#.......#P....##########.#
#..##
####...####..............#
#....
##.#######.############
##.### ####...........#
####).... #.#.##.##.###
#....#### #>#.##.#..<.#
#....# # #.#.####....#
#....# # #.#.# ##@#+#
######### ##.#.###...#
#.... #######..........#
##### ......#†..###....#
#####.#...###....#
#.††..........#
#.............#
#..........>b..
#.##........


You could see a bat (asleep).

Vanquished Creatures
  A dart slug (D:1)
  A bat (D:1)
  A giant cockroach (D:1)
  3 goblins (D:1)
  4 jackals (D:1)
  2 kobolds (D:1)
  A ball python (D:1)
  10 frilled lizards (D:1)
23 creatures vanquished.

Vanquished Creatures (others)
  20 foxfires (D:1)
  3 plants (D:1)
23 creatures vanquished.

Grand Total: 46 creatures vanquished

Notes
Turn   | Place    | Note
-------+----------+-------------------------------------------
     0 | D:1      | freelancePsychic the Demonspawn Fire Elementalist began the
                  | quest for the Orb.
     0 | D:1      | Reached XP level 1. HP: 13/13 MP: 3/3
   106 | D:1      | Gained mutation: You are partially covered in icy blue
                  | scales. (AC +2) [demonic ancestry]
   106 | D:1      | Reached XP level 2. HP: 6/19 MP: 1/5
   107 | D:1      | Reached skill level 3 in Fire Magic
   374 | D:1      | Found a faded altar of an unknown god.
   380 | D:1      | Reached skill level 1 in Fighting
   460 | D:1      | Prayed at the altar of an unknown god.
   460 | D:1      | Became a worshipper of the Wu Jian Council
   460 | D:1      | Reached * piety under Wu Jian
   542 | D:1      | Quit the game

Illustrated notes

Levels and vault maps discovered:
D:1:      dpeg_arrival_ratfight, layout_loops_ring, basic_ecumenical_altar,
          minmay_lizard_king

Skill      XL: |  1  2 |
---------------+-------+-----
Fire Magic     | 3 |  3.1
Fighting       | 1 |  1.0
Dodging        | |  1.7
Stealth        | |  1.7
Spellcasting   | |  2.5
Conjurations   | |  1.0

Action                     || total
---------------------------++-------
  Melee: Unarmed           ||    19
         Spear             ||    25
   Cast: Foxfire           ||    11
    Use: Potion            ||     1
   Stab: Sleeping          ||     2
 Armour: Robe              ||    14
  Dodge: Dodged            ||    25

Table legend: (Time is in decaauts)
 A = Elapsed time spent in this place.
 B = Non-inter-level travel time spent in this place.
 C = Inter-level travel time spent in this place.
 D = Time resting spent in this place.
 E = Time spent auto-exploring this place.
 F = Levels seen in this place.
 G = Mean time per level.
                   A        B        C        D        E       F      G
               +--------+--------+--------+--------+--------+-----+--------+
         Total |    544 |    513 |     31 |      0 |    387 |   1 |  544.0 |
       Dungeon |    544 |    513 |     31 |      0 |    387 |   1 |  544.0 |
               +--------+--------+--------+--------+--------+-----+--------+

Top non-repeatable levels by time:
     D:1: 544 daAuts
